 Dungeon Crawl Stone Soup version 0.29.0-4-gdea44cf6ec (webtiles) character file.

Game seed: 8652580175091947828

4946 qw the Grappler (level 10, -5/83 HPs)
             Began as a Ghoul Fire Elementalist on Aug 29, 2022.
             Was a Believer of Okawaru.
             Slain by a wight
             ... wielding a +2 trident of freezing
              (8 damage)
             ... on level 9 of the Dungeon.
             The game lasted 00:08:03 (10010 turns).

qw the Grappler (Ghoul Fire Elementalist)          Turns: 10010, Time: 00:08:04

Health: -5/83      AC: 20    Str: 17    XL:     10   Next: 52%
Magic:  10/12      EV:  7    Int: 10    God:    Okawaru [**....]
Gold:   895        SH:  6    Dex:  9    Spells: 11/12 levels left

rFire   + . .      SeeInvis .     - Unarmed
rCold   + . .      Faith    .   j - +0 buckler
rNeg    + + +      Spirit   .   m - +0 plate armour
rPois   inf        Reflect  .   q - +0 helmet
rElec   .          Harm     .   c - +0 cloak
rCorr   .          Rampage  .   (no gloves)
Will    .....                   d - +2 pair of boots
Stlth   ..........              (no amulet)
HPRegen 0.00/turn               f - ring of protection from fire
MPRegen 0.13/turn               (no ring)

@: about to teleport, heroic, inhibited regen
A: claws 1, cold resistance 1, negative energy resistance 3, inhibited
regeneration, torment resistance 2, devour on kill
a: Renounce Religion, Heroism


You were on level 9 of the Dungeon.
You worshipped Okawaru.
Okawaru was pleased with you.
You visited 2 branches of the dungeon, and saw 10 of its levels.

You collected 895 gold pieces.


Innate Abilities, Weirdness & Mutations

You are immune to poison.
You have sharp fingernails.
Your flesh is cold resistant. (rC+)
You are immune to negative energy. (rN+++)
You do not regenerate when monsters are visible.
You are immune to unholy pain and torment.
You thrive by killing the living.


   Skills:
 + Level 6.2(11.2) Fighting
 - Level 2.2(7.2) Throwing
 - Level 4.0(9.0) Armour
 - Level 1.7(6.7) Dodging
 - Level 2.1(7.1) Stealth
 - Level 4.7(9.7) Shields
 - Level 12.0(17.0) Unarmed Combat
 - Level 1.7 Spellcasting
 - Level 0.7 Conjurations
 - Level 2.4 Fire Magic
 - Level 4.0 Invocations


You had 11 spell levels left.
You knew the following spells:

 Your Spells              Type           Power      Damage    Failure   Level
a - Foxfire               Conj/Fire      16%        2x1d4     99%         1

Your spell library contained the following spells:

 Spells                   Type           Power      Damage    Failure   Level
 Scorch                   Fire           10%        2d6       99%         2
 Conjure Flame            Conj/Fire      4%         6-21      100%        3
 Inner Flame              Hex/Fire       3%         N/A       100%        3
 Flame Wave               Conj/Fire      4%         2d5       100%        4

Inventory:

Missiles
 h - 3 javelins (quivered)
 k - 5 boomerangs
Armour
 c - a +0 cloak (worn)
 d - a +2 pair of boots (worn)
 j - a +0 buckler (worn)
 m - a +0 plate armour (worn)
 q - a +0 helmet (worn)
Jewellery
 f - a ring of protection from fire (left claw)
Scrolls
 g - a scroll of identify
Potions
 b - 4 potions of curing
 e - a potion of mutation
 i - 2 potions of might
 l - 4 potions of heal wounds
 n - a potion of haste {unknown}
 o - a potion of berserk rage {unknown}
 r - a potion of cancellation {unknown}

Dungeon Overview and Level Annotations

Branches:
Dungeon (9/15)             Temple (1/1) D:6
   Lair: D:8-11         Orc: D:9-12

Altars:
Ashenzari
Cheibriados
Fedhas
Gozag
Hepliaklqana
Makhleb
Nemelex Xobeh
Okawaru
Qazlal
Ru
Trog
Uskayaw
Wu Jian
Xom
Yredelemnul

Shops:
D:1 (:*(   D:7 :


Message History

The killer bee closely misses you.
You claw the killer bee!
You kill the killer bee!
Okawaru accepts your kill.
You feel better. The kobold hits you with a +0 whip. The yak gores you!
The wight hits you from afar with a +2 trident of freezing!
The wight freezes you.
9998 ||| Stepping ~*~*~tactically~*~*~ (outnumbered).
The kobold barely misses you.
9999 ||| Stepping ~*~*~tactically~*~*~ (outnumbered).
The kobold attacks as you move away! The kobold hits you but does no damage.
You barely miss the kobold. The kobold hits you but does no damage.
10001 ||| Stepping ~*~*~tactically~*~*~ (hiding).
The kobold attacks as you move away! You block the kobold's attack.
You claw the kobold!
You kill the kobold!
Okawaru accepts your kill.
You feel better.
10004 ||| Stepping ~*~*~tactically~*~*~ (hiding).
10005 ||| Stepping ~*~*~tactically~*~*~ (hiding).
The yak attacks as you move away! The yak gores you.
10006 ||| Stepping ~*~*~tactically~*~*~ (hiding).
The yak attacks as you move away! The yak gores you but does no damage.
You scratch the yak but do no damage. You block the yak's attack.
10008 ||| Stepping ~*~*~tactically~*~*~ (outnumbered).
The yak attacks as you move away! The yak gores you!
You feel like a meek peon again.
10009 ||| INVOKING Heroism.
You gain the combat prowess of a mighty hero.
The yak gores you! The yak gores you but does no damage.
10010 ||| READING scroll of teleportation.
As you read the scroll of teleportation, it crumbles to dust.
You feel strangely unstable. The kobold barely misses you.
You block the yak's attack. The yak gores you. The yak gores you!
The wight hits you from afar with a +2 trident of freezing!
You die...

#.#......####.....
###.........#...¤¤¤D
#..........#<.......
#...##.....#..........
##.##...........#......
#.....#.....##..# .....
#...........###.###....
##........Y.#.#z.......
#......#@YzKKKK.......
##......KY..##Dz#...[#
####...........##.).....#
#..............##Kz.[....
...............##K.......
#................D.......
##).....%........z.......
##...#..)).)%.#.........
#..####)...[##.........


You could see 3 yaks, a steam dragon, 3 wights and 5 kobolds.

Vanquished Creatures
  Pikel (D:5)
  2 yaks (D:9)
  Edmund (D:5)
  Menkaure (D:5)
  3 steam dragons
  A water moccasin (D:5)
  2 sky beasts
  An orc warrior (D:8)
  An ice beast (D:5)
  An ogre (D:5)
  3 centaurs
  3 phantoms
  2 kobold brigands
  2 gnoll sergeants
  2 necrophages
  A scorpion (D:5)
  14 wights
  4 killer bees (D:9)
  2 howler monkeys
  3 bullfrog zombies (D:5)
  7 hounds
  A jelly (D:6)
  3 orc priests (D:5)
  A human zombie (D:5)
  Jessica (D:2)
  4 iguanas
  A scorpion zombie (D:5)
  8 orc wizards
  A hound zombie (D:5)
  A mummy (D:5)
  7 adders
  8 gnolls
  2 shadow imps
  A white imp (D:6)
  5 ufetubi
  2 adder zombies (D:5)
  2 worms
  A dart slug (D:1)
  38 orcs
  11 endoplasms
  4 giant cockroaches
  8 goblins
  10 hobgoblins
  3 jackals (D:4)
  12 kobolds
  4 quokkas
  9 ball pythons
  4 bats
  4 frilled lizards
  6 rats
219 creatures vanquished.

Vanquished Creatures (others)
  4 plants (D:1)
4 creatures vanquished.

Grand Total: 223 creatures vanquished

Notes
Turn   | Place    | Note
-------+----------+-------------------------------------------
     0 | D:1      | qw the Ghoul Fire Elementalist began the quest for the Orb.
     0 | D:1      | Reached XP level 1. HP: 14/14 MP: 2/2
     0 | D:1      | 0 ||| qw: Version: 0.1-a-90-g952f4b7
     0 | D:1      | 0 ||| qw: Game counter: 4073
     0 | D:1      | 0 ||| qw: Always use a shield: true
     0 | D:1      | 0 ||| qw: God list: Okawaru
     0 | D:1      | 0 ||| qw: Allow faded altars: false
     0 | D:1      | 0 ||| qw: Do Orc after D:15 true
     0 | D:1      | 0 ||| qw: Do second Lair branch before Depths: true
     0 | D:1      | 0 ||| qw: Lair rune preference: random
     0 | D:1      | 0 ||| qw: Plans: Normal
     0 | D:1      | 0 ||| PLANNING D:1-11
     6 | D:1      | Found Uvaem's Book Boutique.
    60 | D:1      | 60 ||| Stepping ~*~*~tactically~*~*~ (outnumbered).
    62 | D:1      | Reached skill level 1 in Unarmed Combat
    64 | D:1      | 64 ||| Stepping ~*~*~tactically~*~*~ (stealth).
    70 | D:1      | 70 ||| Stepping ~*~*~tactically~*~*~ (stealth).
    71 | D:1      | 71 ||| Stepping ~*~*~tactically~*~*~ (stealth).
    72 | D:1      | 72 ||| Stepping ~*~*~tactically~*~*~ (stealth).
    84 | D:1      | 84 ||| Stepping ~*~*~tactically~*~*~ (stealth).
   108 | D:1      | Found Dizo's General Store.
   122 | D:1      | 122 ||| SHOPLISTING +0 leather armour (26 gold, have 0).
   122 | D:1      | 122 ||| SHOPLISTING potion of cancellation (104 gold, have
                  | 0).
   178 | D:1      | Reached skill level 1 in Fighting
   178 | D:1      | Reached XP level 2. HP: 23/23 MP: 3/3
   272 | D:1      | Found Kenit's Weapon Boutique.
   562 | D:1      | Reached skill level 2 in Unarmed Combat
   709 | D:1      | Found Fukk's Weapon Shop.
   732 | D:1      | Reached XP level 3. HP: 28/28 MP: 4/4
  1273 | D:1      | 1273 ||| UPGRADING to +0 leather armour.
  1283 | D:1      | 1283 ||| DROPPING +0 robe.
  1284 | D:1      | 1284 ||| UPGRADING to ring of protection from fire.
  1285 | D:1      | 1285 ||| READING 4 scrolls labelled BASMEU RESI.
  1286 | D:1      | 1286 ||| READING scroll labelled QUHAET CIOTEMUT.
  1287 | D:1      | 1287 ||| READING 3 scrolls of identify.
  1287 | D:1      | 1287 ||| IDENTIFYING smoky cyan potion
  1288 | D:1      | 1288 ||| DROPPING potion of magic.
  1289 | D:1      | 1289 ||| DROPPING potion of attraction.
  1333 | D:2      | 1333 ||| STAIRDANCE
  1478 | D:2      | Noticed Jessica
  1479 | D:2      | 1479 ||| Stepping ~*~*~tactically~*~*~ (hiding).
  1581 | D:2      | 1581 ||| Stepping ~*~*~tactically~*~*~ (hiding).
  1684 | D:2      | 1684 ||| Stepping ~*~*~tactically~*~*~ (hiding).
  1686 | D:2      | 1686 ||| Stepping ~*~*~tactically~*~*~ (hiding).
  1699 | D:2      | Killed Jessica
  1700 | D:2      | Reached skill level 3 in Unarmed Combat
  1700 | D:2      | Reached XP level 4. HP: 18/35 MP: 5/5
  1954 | D:2      | Reached skill level 4 in Unarmed Combat
  2363 | D:2      | Found a blossoming altar of Fedhas.
  2467 | D:2      | 2467 ||| UPGRADING to +0 cloak.
  2472 | D:2      | 2472 ||| UPGRADING to +2 pair of boots.
  2477 | D:2      | 2477 ||| READING scroll labelled KIMELINWOG.
  2478 | D:2      | 2478 ||| READING scroll labelled AVUCLA ALIUHAPN.
  2479 | D:2      | 2479 ||| DRINKING 3 lumpy green potions.
  2480 | D:2      | 2480 ||| READING 3 scrolls of identify.
  2480 | D:2      | 2480 ||| IDENTIFYING murky amethyst potion
  2481 | D:2      | 2481 ||| DROPPING potion of brilliance.
  2516 | D:3      | 2516 ||| Stepping ~*~*~tactically~*~*~ (stealth).
  2520 | D:3      | 2520 ||| Stepping ~*~*~tactically~*~*~ (stealth).
  2521 | D:3      | 2521 ||| STAIRDANCE
  2535 | D:3      | 2535 ||| Stepping ~*~*~tactically~*~*~ (stealth).
  2547 | D:3      | Reached XP level 5. HP: 41/41 MP: 6/6
  2619 | D:3      | Found a faded altar of an unknown god.
  2888 | D:3      | Found a stormy altar of Qazlal.
  2983 | D:3      | 2983 ||| UPGRADING to +0 chain mail.
  2993 | D:3      | 2993 ||| DROPPING +0 leather armour.
  2994 | D:3      | 2994 ||| UPGRADING to +0 buckler.
  2999 | D:3      | 2999 ||| READING 2 scrolls labelled SEATZOPOSS.
  3004 | D:3      | 3004 ||| DRINKING 2 fuming orange potions.
  3005 | D:3      | 3005 ||| READING 2 scrolls of identify.
  3005 | D:3      | 3005 ||| IDENTIFYING red potion
  3022 | D:4      | 3022 ||| Stepping ~*~*~tactically~*~*~ (outnumbered).
  3038 | D:4      | Reached skill level 1 in Armour
  3097 | D:4      | 3097 ||| READING scroll of teleportation.
  3100 | D:4      | 3100 ||| Stepping ~*~*~tactically~*~*~ (outnumbered).
  3101 | D:4      | 3101 ||| Stepping ~*~*~tactically~*~*~ (outnumbered).
  3102 | D:4      | 3102 ||| Stepping ~*~*~tactically~*~*~ (outnumbered).
  3104 | D:4      | 3104 ||| Stepping ~*~*~tactically~*~*~ (outnumbered).
  3105 | D:4      | 3105 ||| Stepping ~*~*~tactically~*~*~ (outnumbered).
  3107 | D:4      | 3107 ||| Stepping ~*~*~tactically~*~*~ (outnumbered).
  3138 | D:4      | 3138 ||| Stepping ~*~*~tactically~*~*~ (stealth).
  3145 | D:4      | Reached skill level 1 in Shields
  3145 | D:4      | Reached XP level 6. HP: 48/48 MP: 7/7
  3217 | D:4      | Reached skill level 5 in Unarmed Combat
  3256 | D:4      | Reached skill level 1 in Throwing
  3500 | D:4      | Reached skill level 6 in Unarmed Combat
  3538 | D:4      | 3538 ||| Stepping ~*~*~tactically~*~*~ (stealth).
  3539 | D:4      | 3539 ||| Stepping ~*~*~tactically~*~*~ (stealth).
  3570 | D:4      | 3570 ||| Stepping randomly (stuck).
  3571 | D:4      | 3571 ||| Stepping randomly (stuck).
  3590 | D:4      | Reached XP level 7. HP: 39/56 MP: 8/8
  4125 | D:4      | Reached skill level 3 in Fighting
  4712 | D:4      | 4712 ||| READING 2 scrolls labelled SEOBUXK REVUDD.
  4713 | D:4      | 4713 ||| READING 2 scrolls of identify.
  4713 | D:4      | 4713 ||| IDENTIFYING coppery potion
  4714 | D:4      | 4714 ||| DROPPING potion of invisibility.
  4715 | D:4      | 4715 ||| DROPPING scroll of fear.
  4716 | D:4      | 4716 ||| Stepping randomly (stuck).
  4717 | D:4      | 4717 ||| Stepping randomly (stuck).
  4718 | D:4      | 4718 ||| Stepping randomly (stuck).
  4719 | D:4      | 4719 ||| Stepping randomly (stuck).
  4720 | D:4      | 4720 ||| Stepping randomly (stuck).
  4722 | D:4      | 4722 ||| Stepping randomly (stuck).
  4724 | D:4      | 4724 ||| Stepping randomly (stuck).
  4725 | D:4      | 4725 ||| Stepping randomly (stuck).
  4726 | D:4      | 4726 ||| Stepping randomly (stuck).
  4728 | D:4      | 4728 ||| Stepping randomly (stuck).
  4729 | D:4      | 4729 ||| Stepping randomly (stuck).
  4730 | D:4      | 4730 ||| Stepping randomly (stuck).
  4731 | D:4      | 4731 ||| Stepping randomly (stuck).
  4732 | D:4      | 4732 ||| Stepping randomly (stuck).
  4733 | D:4      | 4733 ||| Stepping randomly (stuck).
  4734 | D:4      | 4734 ||| Stepping randomly (stuck).
  4735 | D:4      | 4735 ||| Stepping randomly (stuck).
  4736 | D:4      | 4736 ||| Stepping randomly (stuck).
  4737 | D:4      | 4737 ||| Stepping randomly (stuck).
  4738 | D:4      | 4738 ||| Stepping randomly (stuck).
  4778 | D:4      | 4778 ||| Stepping randomly (stuck).
  4779 | D:4      | 4779 ||| Stepping randomly (stuck).
  4780 | D:4      | 4780 ||| Stepping randomly (stuck).
  4781 | D:4      | 4781 ||| Stepping randomly (stuck).
  4782 | D:4      | 4782 ||| Stepping randomly (stuck).
  4783 | D:4      | 4783 ||| Stepping randomly (stuck).
  4784 | D:4      | 4784 ||| Stepping randomly (stuck).
  4785 | D:4      | 4785 ||| Stepping randomly (stuck).
  4786 | D:4      | 4786 ||| Stepping randomly (stuck).
  4839 | D:5      | Entered Level 5 of the Dungeon
  4841 | D:5      | 4841 ||| STAIRDANCE
  4918 | D:5      | Reached skill level 7 in Unarmed Combat
  4941 | D:5      | 4941 ||| Stepping ~*~*~tactically~*~*~ (stealth).
  5145 | D:5      | 5145 ||| Stepping ~*~*~tactically~*~*~ (stealth).
  5146 | D:5      | 5146 ||| Stepping ~*~*~tactically~*~*~ (stealth).
  5181 | D:5      | 5181 ||| Stepping ~*~*~tactically~*~*~ (hiding).
  5183 | D:5      | 5183 ||| Stepping ~*~*~tactically~*~*~ (hiding).
  5415 | D:5      | 5415 ||| Stepping ~*~*~tactically~*~*~ (stealth).
  5416 | D:5      | 5416 ||| Stepping ~*~*~tactically~*~*~ (stealth).
  5418 | D:5      | 5418 ||| Stepping ~*~*~tactically~*~*~ (stealth).
  5420 | D:5      | 5420 ||| Stepping ~*~*~tactically~*~*~ (stealth).
  5421 | D:5      | 5421 ||| Stepping ~*~*~tactically~*~*~ (stealth).
  5459 | D:5      | Noticed Menkaure
  5460 | D:5      | 5460 ||| Stepping ~*~*~tactically~*~*~ (hiding).
  5462 | D:5      | 5462 ||| Stepping ~*~*~tactically~*~*~ (hiding).
  5477 | D:5      | Killed Menkaure
  5478 | D:5      | Reached skill level 8 in Unarmed Combat
  5478 | D:5      | Reached XP level 8. HP: 46/63 MP: 9/9
  5478 | D:5      | 5478 ||| FLEEEEING.
  5479 | D:5      | 5479 ||| FLEEEEING.
  5480 | D:5      | 5480 ||| FLEEEEING.
  5481 | D:5      | 5481 ||| FLEEEEING.
  5482 | D:5      | 5482 ||| FLEEEEING.
  5483 | D:5      | 5483 ||| FLEEEEING.
  5484 | D:5      | 5484 ||| FLEEEEING.
  5485 | D:5      | 5485 ||| FLEEEEING.
  5486 | D:5      | 5486 ||| FLEEEEING.
  5487 | D:5      | 5487 ||| FLEEEEING.
  5488 | D:5      | 5488 ||| FLEEEEING.
  5489 | D:5      | 5489 ||| FLEEEEING.
  5490 | D:5      | 5490 ||| FLEEEEING.
  5491 | D:5      | 5491 ||| FLEEEEING.
  5492 | D:5      | 5492 ||| FLEEEEING.
  5493 | D:5      | 5493 ||| FLEEEEING.
  5494 | D:5      | 5494 ||| FLEEEEING.
  5495 | D:5      | 5495 ||| FLEEEEING.
  5496 | D:5      | 5496 ||| FLEEEEING.
  5497 | D:5      | 5497 ||| FLEEEEING.
  5498 | D:5      | 5498 ||| FLEEEEING.
  5499 | D:5      | 5499 ||| FLEEEEING.
  5500 | D:5      | 5500 ||| FLEEEEING.
  5501 | D:5      | 5501 ||| FLEEEEING.
  5502 | D:5      | 5502 ||| FLEEEEING.
  5503 | D:5      | 5503 ||| FLEEEEING.
  5504 | D:5      | 5504 ||| FLEEEEING.
  5505 | D:5      | 5505 ||| FLEEEEING.
  5506 | D:5      | 5506 ||| FLEEEEING.
  5507 | D:5      | 5507 ||| FLEEEEING.
  5508 | D:5      | 5508 ||| FLEEEEING.
  5509 | D:5      | 5509 ||| FLEEEEING.
  5510 | D:5      | 5510 ||| FLEEEEING.
  5511 | D:5      | 5511 ||| FLEEEEING.
  5512 | D:5      | 5512 ||| FLEEEEING.
  5513 | D:5      | 5513 ||| FLEEEEING.
  5514 | D:5      | 5514 ||| FLEEEEING.
  5515 | D:5      | 5515 ||| FLEEEEING.
  5516 | D:5      | 5516 ||| FLEEEEING.
  5517 | D:5      | 5517 ||| FLEEEEING.
  5518 | D:5      | 5518 ||| FLEEEEING.
  5519 | D:5      | 5519 ||| FLEEEEING.
  5521 | D:5      | 5521 ||| STAIRDANCE
  5876 | D:5      | Found a hazy altar of Hepliaklqana.
  5876 | D:5      | Noticed Pikel
  5878 | D:5      | 5878 ||| Stepping ~*~*~tactically~*~*~ (stealth).
  5894 | D:5      | Killed Pikel
  5987 | D:5      | 5987 ||| Stepping ~*~*~tactically~*~*~ (outnumbered).
  5997 | D:5      | Reached skill level 9 in Unarmed Combat
  5997 | D:5      | Reached XP level 9. HP: 71/71 MP: 10/10
  6073 | D:5      | 6073 ||| READING 2 scrolls of identify.
  6073 | D:5      | 6073 ||| IDENTIFYING puce potion
  6074 | D:5      | 6074 ||| Stepping randomly (stuck).
  6075 | D:5      | 6075 ||| Stepping randomly (stuck).
  6076 | D:5      | 6076 ||| Stepping randomly (stuck).
  6405 | D:5      | Found a basalt altar of Yredelemnul.
  6601 | D:5      | Reached skill level 10 in Unarmed Combat
  6803 | D:5      | 6803 ||| READING scroll labelled JEOF FEKEFEDD.
  6822 | D:6      | 6822 ||| STAIRDANCE
  6834 | D:6      | Noticed Edmund
  6835 | D:6      | 6835 ||| STAIRDANCE
  6848 | D:6      | 6848 ||| STAIRDANCE
  6860 | D:5      | Killed Edmund
  7061 | D:6      | 7061 ||| STAIRDANCE
  7104 | D:6      | Found a staircase to the Ecumenical Temple.
  7105 | D:6      | 7105 ||| PLANNING TEMPLE
  7128 | D:6      | 7128 ||| Stepping ~*~*~tactically~*~*~ (hiding).
  7161 | Temple   | Entered the Ecumenical Temple
  7335 | Temple   | 7335 ||| PLANNING D:1-11
  7450 | D:6      | Found an iron altar of Okawaru.
  7457 | D:6      | Became a worshipper of Warmaster Okawaru
  7619 | D:6      | 7619 ||| Stepping ~*~*~tactically~*~*~ (outnumbered).
  7626 | D:6      | Reached skill level 3 in Armour
  7637 | D:6      | 7637 ||| FLEEEEING.
  7638 | D:6      | 7638 ||| FLEEEEING.
  7639 | D:6      | 7639 ||| FLEEEEING.
  7640 | D:6      | 7640 ||| FLEEEEING.
  7641 | D:6      | 7641 ||| FLEEEEING.
  7642 | D:6      | 7642 ||| FLEEEEING.
  7643 | D:6      | 7643 ||| FLEEEEING.
  7644 | D:6      | 7644 ||| STAIRDANCE
  7726 | D:5      | 7726 ||| DRINKING 2 murky red potions.
  7727 | D:5      | 7727 ||| DROPPING potion of lignification.
  7953 | D:6      | Reached skill level 6 in Fighting
  8249 | D:6      | 8249 ||| READING scroll labelled BIM TUMISHROHI.
  8287 | D:6      | 8287 ||| READING 3 scrolls of teleportation.
  8288 | D:6      | 8288 ||| STAIRDANCE
  8341 | D:7      | 8341 ||| STAIRDANCE
  8351 | D:7      | 8351 ||| STAIRDANCE
  8366 | D:7      | 8366 ||| STAIRDANCE
  8368 | D:6      | 8368 ||| Stepping ~*~*~tactically~*~*~ (outnumbered).
  8369 | D:6      | 8369 ||| Stepping ~*~*~tactically~*~*~ (outnumbered).
  8370 | D:6      | 8370 ||| Stepping ~*~*~tactically~*~*~ (outnumbered).
  8371 | D:6      | 8371 ||| Stepping ~*~*~tactically~*~*~ (outnumbered).
  8388 | D:7      | Reached * piety under Okawaru
  8425 | D:7      | Found Hiwk's Self-Improvement Boutique.
  8646 | D:7      | 8646 ||| Stepping ~*~*~tactically~*~*~ (stealth).
  8649 | D:7      | 8649 ||| INVOKING Heroism.
  8677 | D:7      | Reached skill level 1 in Invocations
  8719 | D:7      | Reached XP level 10. HP: 83/83 MP: 11/11
  8873 | D:7      | 8873 ||| UPGRADING to +0 helmet.
  8878 | D:7      | 8878 ||| DRINKING 2 fuming coppery potions.
  8879 | D:7      | 8879 ||| READING 2 scrolls of identify.
  8879 | D:7      | 8879 ||| IDENTIFYING green potion
  8880 | D:7      | 8880 ||| DROPPING potion of ambrosia.
  8881 | D:7      | 8881 ||| DROPPING potion of flight.
  8936 | D:6      | 8936 ||| READING 2 scrolls of teleportation.
  8994 | D:8      | Found a flagged portal.
  9051 | D:8      | 9051 ||| INVOKING Heroism.
  9055 | D:8      | 9055 ||| Stepping ~*~*~tactically~*~*~ (outnumbered).
  9056 | D:8      | 9056 ||| Stepping ~*~*~tactically~*~*~ (outnumbered).
  9059 | D:8      | 9059 ||| Stepping ~*~*~tactically~*~*~ (outnumbered).
  9062 | D:8      | Reached skill level 11 in Unarmed Combat
  9068 | D:8      | 9068 ||| INVOKING Heroism.
  9255 | D:8      | Found a broken altar of Ashenzari.
  9381 | D:8      | Reached skill level 3 in Invocations
  9386 | D:8      | 9386 ||| Stepping ~*~*~tactically~*~*~ (stealth).
  9390 | D:8      | 9390 ||| Stepping ~*~*~tactically~*~*~ (stealth).
  9391 | D:8      | 9391 ||| Stepping ~*~*~tactically~*~*~ (stealth).
  9392 | D:8      | 9392 ||| Stepping ~*~*~tactically~*~*~ (stealth).
  9449 | D:8      | 9449 ||| INVOKING Heroism.
  9534 | D:8      | 9534 ||| INVOKING Heroism.
  9659 | D:8      | 9659 ||| INVOKING Heroism.
  9667 | D:8      | 9667 ||| Stepping ~*~*~tactically~*~*~ (outnumbered).
  9668 | D:8      | 9668 ||| Stepping ~*~*~tactically~*~*~ (outnumbered).
  9669 | D:8      | 9669 ||| Stepping ~*~*~tactically~*~*~ (outnumbered).
  9670 | D:8      | 9670 ||| Stepping ~*~*~tactically~*~*~ (outnumbered).
  9671 | D:8      | 9671 ||| Stepping ~*~*~tactically~*~*~ (outnumbered).
  9672 | D:8      | 9672 ||| Stepping ~*~*~tactically~*~*~ (outnumbered).
  9673 | D:8      | 9673 ||| Stepping ~*~*~tactically~*~*~ (outnumbered).
  9838 | D:8      | 9838 ||| UPGRADING to +0 plate armour.
  9848 | D:8      | 9848 ||| DROPPING +0 chain mail.
  9875 | D:9      | 9875 ||| INVOKING Heroism.
  9877 | D:9      | 9877 ||| Stepping ~*~*~tactically~*~*~ (hiding).
  9925 | D:9      | 9925 ||| DRINKING 5 potions of curing.
  9925 | D:9      | 9925 ||| (to cure confusion)
  9940 | D:9      | 9940 ||| FLEEEEING.
  9941 | D:9      | 9941 ||| FLEEEEING.
  9942 | D:9      | 9942 ||| FLEEEEING.
  9943 | D:9      | 9943 ||| FLEEEEING.
  9944 | D:9      | 9944 ||| FLEEEEING.
  9945 | D:9      | 9945 ||| FLEEEEING.
  9946 | D:9      | 9946 ||| INVOKING Heroism.
  9964 | D:9      | 9964 ||| Stepping ~*~*~tactically~*~*~ (outnumbered).
  9970 | D:9      | 9970 ||| Stepping ~*~*~tactically~*~*~ (outnumbered).
  9976 | D:9      | 9976 ||| INVOKING Heroism.
  9977 | D:9      | 9977 ||| Stepping ~*~*~tactically~*~*~ (outnumbered).
  9978 | D:9      | 9978 ||| Stepping ~*~*~tactically~*~*~ (outnumbered).
  9979 | D:9      | 9979 ||| Stepping ~*~*~tactically~*~*~ (outnumbered).
  9982 | D:9      | 9982 ||| Stepping ~*~*~tactically~*~*~ (outnumbered).
  9985 | D:9      | 9985 ||| Stepping ~*~*~tactically~*~*~ (outnumbered).
  9986 | D:9      | Reached ** piety under Okawaru
  9987 | D:9      | Reached skill level 12 in Unarmed Combat
  9998 | D:9      | 9998 ||| Stepping ~*~*~tactically~*~*~ (outnumbered).
  9999 | D:9      | 9999 ||| Stepping ~*~*~tactically~*~*~ (outnumbered).
 10001 | D:9      | 10001 ||| Stepping ~*~*~tactically~*~*~ (hiding).
 10004 | D:9      | 10004 ||| Stepping ~*~*~tactically~*~*~ (hiding).
 10005 | D:9      | 10005 ||| Stepping ~*~*~tactically~*~*~ (hiding).
 10006 | D:9      | 10006 ||| Stepping ~*~*~tactically~*~*~ (hiding).
 10008 | D:9      | 10008 ||| Stepping ~*~*~tactically~*~*~ (outnumbered).
 10009 | D:9      | 10009 ||| INVOKING Heroism.
 10009 | D:9      | HP: 20/83 [yak (10)]
 10010 | D:9      | 10010 ||| READING scroll of teleportation.
 10010 | D:9      | HP: 3/83 [yak (12)]
 10010 | D:9      | Slain by a wight

Levels and vault maps discovered:
D:1:      minmay_arrival_four_circles, layout_loops_ring, serial_shops,
          nicolae_shop_advertising_works [nicolae_subvault_shop_adworks], shop,
          shop, shop, minivault_14, serial_bayou_lagoon_a,
          corexii_leaking_fountain, palyth_stone_intersect, minivault_5
D:2:      layout_basic, basic_altar, uniq_jessica
D:3:      layout_rooms, nicolae_qazlal_general_emergency, basic_ecumenical_altar
D:4:      minmay_polygon_palace, layout_loops_cross, serial_co_window_serial,
          co_window_paths_a, co_window_paths_a, co_window_corner_a,
          co_window_corner_a, co_window_corner_a, co_window_corner_a,
          co_window_paths_a, co_window_paths_a, co_window_paths_b,
          co_window_2corner, co_window_unsneaky_path_b,
          co_window_unsneaky_path_d, co_window_unsneaky_path_a,
          co_window_broadway_a, glass_columns_a, glass_columns_b,
          glass_columns_a
D:5:      layout_loops_corners, amcnicky_altar_gilded,
          lemuel_mausoleum_altar_yredelemnul, lemuel_flame_loot_1,
          uniq_menkaure, uniq_pikel
D:6:      layout_basic, lemuel_doored_altar, mainiacjoe_overflow_cross_hatched,
          minmay_temple_entry_slanted, uniq_edmund
D:7:      layout_rooms, nicolae_shop_self_help
D:8:      layout_basic, mainiacjoe_overflow_alcove_4, enter_bailey_2
D:9:      layout_cave_pools, old_standard_altar,
          nicolae_dithmenos_through_a_glass_darkly
Temple:   grunt_temple_mini_profane

Skill      XL: |  1  2  3  4  5  6  7  8  9 10 |
---------------+-------------------------------+-----
Unarmed Combat | 1 2 3 4 6 8 9 10 12 | 12.0
Fighting       | 1 2 3 4 6 |  6.2
Armour         | 1 2 3 4 |  4.0
Shields        | 1 4 |  4.7
Throwing       | 1 2 |  2.2
Invocations    | 1 4 |  4.0
Dodging        | |  1.7
Stealth        | |  2.1
Spellcasting   | |  1.7
Conjurations   | |  0.7
Fire Magic     | |  2.4

Action                   |  1- 3 |  4- 6 |  7- 9 | 10-12 || total
-------------------------+-------+-------+-------+-------++-------
Melee: Unarmed           |   104 |   189 |   396 |   120 ||   809
       Punch             |     3 |     3 |       |       ||     6
Throw: Javelin           |       |    25 |    53 |     4 ||    82
       Boomerang         |       |       |     1 |       ||     1
Invok: Heroism           |       |       |     1 |     9 ||    10
  Use: Scroll            |     3 |     6 |     6 |     3 ||    18
       Potion            |       |     2 |     1 |     2 ||     5
Armor: Robe              |     6 |       |       |       ||     6
       Leather armour    |       |    26 |       |       ||    26
       Chain mail        |       |    81 |   173 |    35 ||   289
       Plate armour      |       |       |       |    88 ||    88
Dodge: Dodged            |    44 |    49 |    70 |    68 ||   231
Block: Buckler           |       |    17 |    55 |    40 ||   112

Table legend:
 A = Non-vault XP
 B = Vault XP
 C = Vault XP percentage of total XP
 D = Non-vault monster count
 E = Vault monster count
 F = Vault count percentage of total count
                 A         B        C        D         E       F
            +---------+---------+-------+---------+---------+-------
      Total |    5291 |    1776 |  25.1 |     186 |      33 |  15.1
            +---------+---------+-------+---------+---------+-------
        D:1 |      49 |       0 |   0.0 |      29 |       0 |   0.0
        D:2 |      53 |      37 |  41.1 |      15 |       1 |   6.2
        D:3 |      88 |       0 |   0.0 |      17 |       0 |   0.0
        D:4 |     432 |     256 |  37.2 |      22 |      17 |  43.6
        D:5 |     893 |    1483 |  62.4 |      28 |      15 |  34.9
        D:6 |     874 |       0 |   0.0 |      24 |       0 |   0.0
        D:7 |     505 |       0 |   0.0 |      18 |       0 |   0.0
        D:8 |    1247 |       0 |   0.0 |      17 |       0 |   0.0
        D:9 |    1150 |       0 |   0.0 |      16 |       0 |   0.0
            +---------+---------+-------+---------+---------+-------
